 Dungeon Crawl Stone Soup version 0.16.0-11-gd45b091 (webtiles) character file.

753 Gorice the Firebug (level 7, -10/41 HPs)
             Began as a High Elf Fire Elementalist on Mar 17, 2015.
             Mangled by Menkaure (21 damage)
             ... on level 4 of the Dungeon.
             The game lasted 00:33:58 (3278 turns).

Gorice the Firebug (High Elf Fire Elementalist)     Turns: 3278, Time: 00:33:58

Health: -10/41     AC:  4    Str:  7    XL:     7   Next: 49%
Magic:  17/21      EV: 13    Int: 20    God:
Gold:   239        SH:  0    Dex: 17    Spells: 3 memorised, 10 levels left

rFire  . . .     SeeInvis .     b - +0 hunting sling
rCold  . . .     Clarity  .     m - +0 robe
rNeg   . . .     SustAb   .     (no shield)
rPois  .         Gourm    .     q - +1 helmet
rElec  .         Spirit   .     (no cloak)
rCorr  .         Warding  .     (no gloves)
rMut   .         Rnd*Tele +     (no boots)
MR     .....                    (no amulet)
Stlth  ++........               (no ring)
                                y - ring of teleportation

@: not resistant to hostile enchantments, unstealthy
A: no striking features
a: Evoke Teleportation


You were on level 4 of the Dungeon.
You were not hungry.

You visited 2 branches of the dungeon, and saw 5 of its levels.

You collected 239 gold pieces.

Inventory:

Hand weapons
 a - a +0 quarterstaff
 b - a +0 hunting sling (weapon)
 p - a +0 dagger
 t - a +1 short sword
Missiles
 g - 6 tomahawks
 j - 28 sling bullets (quivered)
 n - 16 arrows
 Y - 2 throwing nets
 Z - 10 stones
Armour
 m - a +0 robe (worn)
 q - a +1 helmet (worn)
Jewellery
 y - a ring of teleportation (left hand)
Magical devices
 i - a wand of teleportation (4) {!d}
 u - a wand of polymorph (0)
Scrolls
 e - a scroll of enchant weapon
 h - a scroll of remove curse
 o - 3 scrolls of identify
 w - 2 scrolls of magic mapping {!r}
Potions
 f - a potion of resistance {!q}
 k - 2 potions of flight
 l - a potion of brilliance {!q}
 x - a potion of might {!q}
Books
 r - a book of Flames
Comestibles
 c - 2 bread rations {!e}
 s - 6 chunks of flesh


   Skills:
 - Level 2.1 Dodging
 - Level 2.1 Stealth
 + Level 5.1 Spellcasting
 + Level 5.4 Conjurations
 * Level 6.1 Fire Magic


You had 10 spell levels left.
You knew the following spells:

 Your Spells              Type           Power        Failure   Level  Hunger
a - Flame Tongue          Conj/Fire      ####.        1%          1    None
b - Throw Flame           Conj/Fire      ####..       1%          2    None
c - Conjure Flame         Conj/Fire      ####....     3%          3    ##.....


Dungeon Overview and Level Annotations

Branches:
Dungeon (4/15)             Temple (1/1) D:4

Altars:
Ashenzari
Cheibriados
Dithmenos
Fedhas
Gozag
Kikubaaqudgha
Makhleb
Nemelex Xobeh
Okawaru
Qazlal
Ru
Xom
Zin
The Shining One

Annotations:
D:4 Menkaure, Prince Ribbit


Message History

Really quaff
d - a potion of heal wounds {!q}?
You feel much better.
Read which item? (? for menu, Esc to quit)
Okay, then.
Put on which piece of jewellery? (? for menu, Esc to quit)
You feel slightly jumpy.
y - a ring of teleportation (left hand) Evoke which item? (* to show all) (? for menu, Esc to quit)
Okay, then.
That item cannot be evoked!
Use which ability? (? or * to list)
You fail to use your ability.
Use which ability? (? or * to list)
You fail to use your ability.
The centaur shoots an arrow.
The arrow hits you!
You take 14 damage.
Casting: Throw Flame
Confirm with . or Enter, or press ? or * to list all spells.
Aiming: Flame Tongue
Press: ? - help, Shift-Dir - straight line, f - centaur
Aim: a centaur, wielding a shortbow The flame tongue hits the centaur.
The centaur is heavily wounded.
The centaur unwields an uncursed shortbow.
The centaur hits you but does no damage.
Casting: Flame Tongue
Confirm with . or Enter, or press ? or * to list all spells.
Aiming: Flame Tongue
Press: ? - help, Shift-Dir - straight line, f/p - centaur
Aim: a centaur (heavily wounded)
The flame tongue hits the centaur.
The centaur is severely wounded.
The centaur hits you!
* * * LOW HITPOINT WARNING * * *
You take 9 damage.
Unknown command.
Casting: Flame Tongue
Confirm with . or Enter, or press ? or * to list all spells.
Aiming: Flame Tongue
Press: ? - help, Shift-Dir - straight line, f/p - centaur
Aim: a centaur (severely wounded)
The flame tongue hits the centaur.
You kill the centaur!
Your Spellcasting skill increases to level 5!
Your Fire Magic skill increases to level 6!
Drink which item? (? for menu, Esc to quit)
You feel better. Menkaure hits you.
* * * LOW HITPOINT WARNING * * *
Menkaure hits you!!
Ouch! That really hurt!
You die...

#..................
#.#########..###### #.####
#.......... #....####.#........
####.#....#.#######
##################.#.#..#..... .
..>...............(..#..#..#####.
##...............................
##.###..........@M...............
##.# #.#.#########...##.###.#..#.
.#.# #.#.# ###(#.##.#......# ##.#
#.#.# ..#.#.#.........# .#.#
#.#.# #.#.#[######....# .#.#
#.#.# #.#c#...........#
.#.###.#.#.#####.#.##.#####.#..#
)#.......#........M#...........#
######.#########.###.#.#..#.#.##


You could see Menkaure.

Vanquished Creatures
  The ghost of BLOAX the Ruffian, an average MiTm of Cheibriados (D:3)
  A phantom (D:4)
  An ogre (D:3)
  A centaur (D:4)
  2 orc priests
  An orc wizard (D:3)
  4 worker ants
  Robin (D:3)
  6 adders
  2 worms (D:3)
  4 orcs
  8 bats
  A bat skeleton (D:4)
  2 giant cockroaches
  8 hobgoblins
  13 jackals
  6 kobolds
  3 ball pythons
  4 giant newts
  18 goblins
  A quokka (D:2)
  7 rats
95 creatures vanquished.

Vanquished Creatures (others)
  A bush (D:4)
1 creature vanquished.

Grand Total: 96 creatures vanquished

Notes
Turn   | Place    | Note
--------------------------------------------------------------
     0 | D:1      | Gorice, the High Elf Fire Elementalist, began the quest for the Orb.
     0 | D:1      | Reached XP level 1. HP: 11/11 MP: 4/4
   261 | D:1      | Reached skill level 2 in Conjurations
   261 | D:1      | Reached XP level 2. HP: 17/17 MP: 4/6
   452 | D:1      | HP: 5/17 [jackal (1)]
   650 | D:1      | Found a snail-covered altar of Cheibriados.
   796 | D:1      | Learned a level 2 spell: Throw Flame
   909 | D:2      | Reached XP level 3. HP: 13/21 MP: 0/8
  1162 | D:2      | Found an ancient bone altar of Kikubaaqudgha.
  1236 | D:2      | Found a glowing golden altar of the Shining One.
  1482 | D:3      | Reached skill level 3 in Conjurations
  1542 | D:3      | Reached skill level 3 in Spellcasting
  1542 | D:3      | Reached XP level 4. HP: 20/27 MP: 4/12
  1694 | D:3      | Noticed BLOAX's ghost (average MiTm)
  1746 | D:2      | Learned a level 3 spell: Conjure Flame
  1778 | D:3      | Found a shadowy altar of Dithmenos.
  1836 | D:3      | Noticed Robin
  1881 | D:3      | Killed Robin
  1887 | D:3      | Reached skill level 4 in Conjurations
  1901 | D:3      | Reached XP level 5. HP: 18/31 MP: 5/14
  2345 | D:4      | Found a staircase to the Ecumenical Temple.
  2356 | Temple   | Entered the Ecumenical Temple
  2425 | D:4      | Found a blossoming altar of Fedhas.
  2447 | D:4      | Reached skill level 4 in Fire Magic
  2454 | D:4      | Noticed a centaur
  2466 | D:4      | Noticed a phantom
  2473 | D:4      | Killed a phantom
  2473 | D:4      | Reached XP level 6. HP: 36/36 MP: 4/18
  2515 | D:4      | Noticed Menkaure
  2515 | D:4      | Noticed an ogre
  2560 | D:3      | Reached skill level 4 in Spellcasting
  2566 | D:3      | Killed an ogre
  2566 | D:3      | Reached skill level 5 in Fire Magic
  2835 | D:3      | Killed BLOAX's ghost
  2835 | D:3      | Reached skill level 5 in Conjurations
  2835 | D:3      | Reached XP level 7. HP: 19/41 MP: 3/21
  2858 | D:3      | HP: 12/41 [poisoned by a worker ant]
  2974 | D:4      | Noticed Prince Ribbit
  3269 | D:4      | HP: 12/41 [centaur/arrow (13)]
  3276 | D:4      | HP: 8/41 [centaur (9)]
  3277 | D:4      | Killed a centaur
  3277 | D:4      | Reached skill level 5 in Spellcasting
  3277 | D:4      | Reached skill level 6 in Fire Magic
  3278 | D:4      | Mangled by Menkaure

Action                   |  1- 3 |  4- 6 |  7- 9 || total
-------------------------+-------+-------+-------++-------
Melee: Dagger            |    14 |       |       ||    14
       Short sword       |     4 |       |       ||     4
       Unarmed           |     1 |    13 |       ||    14
 Fire: Hunting sling     |    19 |    62 |     3 ||    84
 Cast: Flame Tongue      |    48 |    56 |    24 ||   128
       Throw Flame       |     2 |     2 |     9 ||    13
       Conjure Flame     |       |     6 |       ||     6
  Use: Scroll            |    10 |     5 |     2 ||    17
       Potion            |     2 |       |     2 ||     4
  Eat: Chunk             |     2 |     4 |     2 ||     8

Table legend:
 A = Turns spent in this place as a percentage of turns spent in the entire game.
 B = Non-inter-level travel turns spent in this place as a percentage of non-inter-level travel turns spent in the entire game.
 C = Inter-level travel turns spent in this place as a percentage of turns spent in this place.
 D = Turns resting spent in this place as a percentage of non-inter-level travel turns spent in this place.
 E = Turns spent auto-exploring this place as a percentage of non-inter-level travel turns spent in this place.
 F = Non-inter-level travel turns spent in this place divided by the number of levels of this place that you've seen.
                   A       B       C       D       E      F
               +-------+-------+-------+-------+-------+----------------------
         Total | 100.0 | 100.0 |   0.4 |   1.8 |   4.2 | 317.8
       Dungeon |  96.7 |  96.7 |   0.4 |   1.9 |   4.3 | 384.2
        Temple |   3.3 |   3.3 |   0.0 |   0.0 |   0.0 |  52.0
               +-------+-------+-------+-------+-------+----------------------

Vault maps used:
D:1:      enne_arrival_octagon_isle, serial_glass, glass_columns_a,
          glass_columns_c, glass_columns_b, glass_columns_a, glass_columns_b,
          glass_columns_a, minmay_misc_feat_columns, minivault_19,
          cheibriados_altar_1
D:2:      lemuel_doored_altar, overflow_temple_1_default
D:3:      grunt_dithmenos_smoke, uniq_robin
D:4:      minmay_temple_entry_junction, gup_sewer_entry_spiral,
          fedhas_bush_and_centaur_altar, uniq_menkaure, uniq_prince_ribbit1
Temple:   zaba_magenta_temple_12
